 Dungeon Crawl Stone Soup version 0.27.1-15-g792fb953b9 (webtiles) character file.

Game seed: 9006450071404272674

28 pkoi the Shield-Bearer (level 3, -1/31 HPs)
             Began as a Minotaur Fighter on Nov 19, 2021.
             Frozen to death by an endoplasm (5 damage)
             ... on level 1 of the Dungeon.
             The game lasted 00:00:39 (628 turns).

pkoi the Shield-Bearer (Minotaur Fighter)            Turns: 628, Time: 00:00:40

Health: -1/31      AC:  6    Str: 21    XL:     3   Next: 0%
Magic:  2/2        EV:  7    Int:  5    God:
Gold:   11         SH:  9    Dex:  9    Spells: 2/2 levels left

rFire    . . .     SeeInvis .   a - +0 long sword
rCold    . . .     Faith    .   c - +0 kite shield
rNeg     . . .     Spirit   .   b - +0 scale mail
rPois    .         Reflect  .   (helmet restricted)
rElec    .         Harm     .   (no cloak)
rCorr    .         Rampage  .   (no gloves)
Will     .....                  (no boots)
Stlth    ..........             (no amulet)
HPRegen  0.10/turn              (no ring)
MPRegen  0.08/turn              (no ring)

@: no status effects
A: horns 2, retaliatory headbutt
a: no special abilities


You were on level 1 of the Dungeon.
You visited 1 branch of the dungeon, and saw 1 of its levels.

You collected 11 gold pieces.

Inventory:

Hand Weapons
 a - a +0 long sword (weapon)
Missiles
 e - 4 boomerangs (quivered)
Armour
 b - a +0 scale mail (worn)
 c - a +0 kite shield (worn)
Jewellery
 g - a +4 ring of protection
Scrolls
 f - a scroll of identify {unknown}
Potions
 d - a potion of might


   Skills:
 - Level 3.6 Fighting
 * Level 3.8 Long Blades
 - Level 3.6 Armour
 + Level 4.1 Shields


You had 2 spell levels left.
You didn't know any spells.
Your spell library contained the following spells:

 Spells                   Type           Power      Damage    Failure   Level
 Apportation              Tloc           0%         N/A       99%         1


Dungeon Overview and Level Annotations

Branches:
Dungeon (1/15)

Altars:


Innate Abilities, Weirdness & Mutations

You have a pair of horns on your head.
You reflexively headbutt those who attack you in melee.


Message History

You hit the rat.
You kill the rat!
The endoplasm freezes you.
You are frozen.
* * * LOW HITPOINT WARNING * * *
You block the giant cockroach's attack.
You closely miss the giant cockroach.
The endoplasm hits you but does no damage.
You block the giant cockroach's attack. You block the endoplasm's attack.
The giant cockroach bites you but does no damage.
You closely miss the giant cockroach. The giant cockroach barely misses you.
The endoplasm hits you.
* * * LOW HITPOINT WARNING * * *
You closely miss the giant cockroach.
Your headbutt misses the giant cockroach.
The giant cockroach bites you but does no damage.
The endoplasm freezes you.
You are frozen.
* * * LOW HITPOINT WARNING * * *
The giant cockroach barely misses you.
You riposte.
You hit the giant cockroach.
You kill the giant cockroach!
You block the endoplasm's attack.
You have reached level 3!
Your experience leads to an increase in your attributes!
Increase (S)trength, (I)ntelligence, or (D)exterity?
You feel stronger.
You barely miss the ball python. The ball python bites you.
* * * LOW HITPOINT WARNING * * *
You block the ball python's attack. The endoplasm freezes you.
You are frozen.
* * * LOW HITPOINT WARNING * * *
You block the ball python's attack. The ball python grabs you.
The ball python constricts you.
You slash the ball python!
You kill the ball python!
The endoplasm freezes you.
You are frozen.
You die...

#.# ##...#P...## #(# ##...##.....
#.# ####........##.#..)#
###.######...#.....#........###
#...)........#..##...##.......###
#.########...#..# #.. >..........
..# ##.##..# #.# #.......... #.#
#.##..###.###.#........ #.#
#...†.@†...##.#.)..#... #.#
####†J###.............. #.#
#...............#... #.#
#.####...##.#...# #.#
#.####..........#... #.#
#...................
######.#.##.###.##.#
##.#..##.###.# # #.###........#


You could see an endoplasm.

Vanquished Creatures
  A dart slug (D:1)
  5 ball pythons (D:1)
  A bat (D:1)
  5 giant cockroaches (D:1)
  3 hobgoblins (D:1)
  A frilled lizard (D:1)
  5 kobolds (D:1)
  4 rats (D:1)
25 creatures vanquished.

Notes
Turn   | Place    | Note
-------+----------+-------------------------------------------
     0 | D:1      | pkoi the Minotaur Fighter began the quest for the Orb.
     0 | D:1      | Reached XP level 1. HP: 19/19 MP: 0/0
     3 | D:1      | Noticed an electric eel
     4 | D:1      | Noticed an electric eel
   119 | D:1      | Found a faded altar of an unknown god.
   128 | D:1      | Got Plato's Collected Works on the Voyage
   161 | D:1      | Reached XP level 2. HP: 26/26 MP: 1/1
   225 | D:1      | Reached skill level 4 in Shields
   627 | D:1      | Reached XP level 3. HP: 5/31 MP: 2/2
   628 | D:1      | Frozen to death by an endoplasm

Illustrated notes

Levels and vault maps discovered:
D:1:      arrival_aquarium_b, layout_loops_ring,
          shapermc_ecumenical_altar_rom_forum, minmay_hexomino_r4

Skill      XL: |  1  2 |
---------------+-------+-----
Long Blades    | 3 |  3.8
Shields        | 4 |  4.1
Fighting       | |  3.6
Armour         | |  3.6

Action                   || total
-------------------------++-------
Melee: Long sword        ||    46
       Headbutt          ||     4
Armor: Scale mail        ||    25
Dodge: Dodged            ||    20
Block: Kite shield       ||    36
       Rpst.: Long sword ||     5
